 Dungeon Crawl Stone Soup version 0.14-a0-1876-g927fc3a (webtiles) character file.

178 Jenx the Poker (level 4, 0/37 HPs)
             Began as a Hill Orc Skald on Jan 14, 2014.
             Slain by Crazy Yiuf
             ... wielding a +2,+2 quarterstaff of chaos
              (9 damage)
             ... on Level 2 of the Dungeon.
             The game lasted 00:09:05 (3003 turns).

Jenx the Poker (Hill Orc Skald)                     Turns: 3003, Time: 00:09:05

HP   0/37        AC  5     Str 14      XL: 4   Next: 63%
MP   5/6         EV  9     Int 13      God:
Gold 84          SH  0     Dex 10      Spells:  3 memorised,  0 levels left

rFire  + . .     SeeInvis .     a - +0 orc spear
rCold  + . .     Clarity  .     h - +0 ring mail
rNeg   . . .     Conserve .     (no shield)
rPois  +         rCorr    .     (no helmet)
rElec  +         rRot     .     (no cloak)
SustAb . .       Spirit   .     (no gloves)
rMut   .         Warding  .     (no boots)
Saprov + . .     Stasis   .     (no amulet)
MR     .....                    (no ring)
                                (no ring)

@: not resistant to hostile enchantments, extremely unstealthy
A: saprovore 1
a: no special abilities


You were on level 2 of the Dungeon.
You were not hungry.

You visited 1 branch of the dungeon, and saw 2 of its levels.

You collected 84 gold pieces.

Inventory:

Hand weapons
 a - a +0,+0 orcish spear (weapon)
Armour
 h - a +0 ring mail (worn)
Comestibles
 d - a meat ration
 f - an apple
 j - 4 bread rations
Scrolls
 g - 2 scrolls of identify {unknown}
 i - a scroll of enchant weapon II {unknown}
 k - a scroll of immolation {unknown}
 o - a scroll of recharging {unknown}
 t - a scroll of remove curse {unknown}
 v - a scroll of fear {unknown}
Jewellery
 b - an uncursed amulet of resist mutation {unknown}
Potions
 e - a potion of lignification
 l - a potion of heal wounds {unknown}
 m - 2 potions of flight {unknown}
 n - a potion of resistance
 p - a potion of curing {unknown}
 u - 2 potions of mutation {unknown}
Books
 c - a book of Battle

   Spells                             Type                      Level
   *Infusion                          Charms                       1
   *Shroud of Golubria                Charms/Translocation         2
   Song of Slaying                    Charms                       2
   *Spectral Weapon                   Hexes/Charms                 3
   Regeneration                       Charms/Necromancy            3


   Skills:
 - Level 2.4 Fighting
 * Level 5.2 Polearms
 - Level 1.1 Armour
 - Level 0.7 Dodging
 - Level 1.5 Spellcasting
 - Level 2.6 Charms


You couldn't memorise any spells.
You knew the following spells:

 Your Spells              Type           Power        Failure   Level  Hunger
a - Infusion              Chrm           #.....       12%         1    ##.....
b - Shroud of Golubria    Chrm/Tloc      #.........   34%         2    ###....
c - Spectral Weapon       Hex/Chrm       #.......     69%         3    ####...


Dungeon Overview and Level Annotations

Branches:
Dungeon (2/16)

Altars:
Nemelex Xobeh

Annotations:
D:2 Crazy Yiuf


Innate Abilities, Weirdness & Mutations

You can tolerate rotten meat.


Message History

Crazy Yiuf whimpers, "Shadow!"
Crazy Yiuf hits you but does no damage.
You hit Crazy Yiuf but do no damage.
Crazy Yiuf is heavily wounded.
You hit Crazy Yiuf.
Crazy Yiuf is severely wounded.
Crazy Yiuf hits you with a quarterstaff of chaos.
* * * LOW HITPOINT WARNING * * *
You closely miss Crazy Yiuf.
Crazy Yiuf is severely wounded.
Your shroud unravels.
Crazy Yiuf screams, "Shower!"
Crazy Yiuf hits you with a quarterstaff of chaos.
* * * LOW HITPOINT WARNING * * *
You barely miss Crazy Yiuf.
Crazy Yiuf is severely wounded.
You closely miss Crazy Yiuf.
Crazy Yiuf is severely wounded.
Crazy Yiuf hits you with a quarterstaff of chaos!
You die...

#.# ##..##
#..... #.#
#....# #.....
#.# #....#
#..... #.#
##...# #.....
#.# ##.##
#..... #.#
##.# #.....
#.# #.##
#..... #.#
##.#
######.....
#.# #@##
#..........
#.# #g#
##.####.....
#.# ...
#.....#.####
#.# #...#
##.##.#.# #.#
#)..# #.##.#.#
#.# #####
##.##.#.# #.#
#..##.#.#
##.###########
###.##.#.#
#>.........#.#
#........#


You could see Crazy Yiuf.

Vanquished Creatures
  5 adders (D:2)
  An orc (D:2)
  A ball python (D:1)
  3 bats
  2 giant cockroaches (D:2)
  2 hobgoblins
  11 jackals
  2 oozes (D:2)
  A quokka (D:2)
  4 giant newts
  6 goblins
  5 kobolds
  4 rats (D:1)
47 creatures vanquished.

Notes
Turn   | Place    | Note
--------------------------------------------------------------
     0 | D:1      | Jenx, the Hill Orc Skald, began the quest for the Orb.
     0 | D:1      | Reached XP level 1. HP: 18/18 MP: 2/2
   292 | D:1      | Reached XP level 2. HP: 20/25 MP: 3/3
   293 | D:1      | Reached skill level 3 in Polearms
   878 | D:1      | Learned a level 2 spell: Shroud of Golubria
  1302 | D:2      | Reached XP level 3. HP: 22/30 MP: 3/5
  1392 | D:2      | HP: 2/45 [poisoned by an adder]
  1417 | D:2      | HP: 2/45 [poisoned by an adder]
  1432 | D:2      | HP: 2/45 [poisoned by an adder]
  1865 | D:2      | Reached skill level 4 in Polearms
  2217 | D:2      | Reached XP level 4. HP: 37/37 MP: 3/6
  2222 | D:2      | Learned a level 3 spell: Spectral Weapon
  2288 | D:2      | Found a sparkling altar of Nemelex Xobeh.
  2311 | D:2      | Reached skill level 5 in Polearms
  2987 | D:2      | Noticed Crazy Yiuf
  3003 | D:2      | Slain by Crazy Yiuf

Action                   |  1- 3 |  4- 6 || total
-------------------------+-------+-------++-------
Melee: Spear             |   134 |    81 ||   215
 Cast: Shroud of Golubri |     3 |     2 ||     5
  Use: Potion            |     1 |     1 ||     2
